 Dungeon Crawl Stone Soup version 0.32-a0-938-g40ac7a0f4d (webtiles) character file.

Game seed: 5974724520157250454

3051 funkygono the Thaumaturge (level 9, 0/46 HPs)
             Began as a Deep Elf Fire Elementalist on Apr 15, 2024.
             Was a Follower of Vehumet.
             Shot with a sling bullet by Joseph (13 damage)
             ... on level 7 of the Dungeon.
             The game lasted 00:14:13 (6481 turns).

funkygono the Thaumaturge (DEFE)                    Turns: 6481, Time: 00:14:14

Health: 0/46       AC:  8    Str:  5    XL:     9   Next: 57%
Magic:  22/35      EV: 13    Int: 30    God:    Vehumet [*.....]
Gold:   265        SH:  0    Dex: 21    Spells: 23/31 levels left

rFire   . . .        m - +2 dagger (protect)
rCold   x . .        (no shield)
rNeg    . . .        s - +2 robe "Ziri" {Will+ Int+5}
rPois   .            p - +1 helmet
rElec   .            (no cloak)
rCorr   .            C - +1 pair of gloves {Dex+3}
SInv    +            (no boots)
Will    +++..        z - amulet of Relativism {rF- Will++ Regen+ SInv}
Stlth   +++          f - ring of magical power
HPRegen 1.07/turn    a - ring of Odusaj {Fire Dex+3}
MPRegen 0.24/turn

%: no passive effects
@: lethally poisoned (0 -> 0), slowed, very slow
A: no striking features
a: Renounce Religion


You were on level 7 of the Dungeon.
You worshipped Vehumet.
Vehumet was aware of your devotion.
You visited 2 branches of the dungeon, and saw 8 of its levels.

You collected 265 gold pieces.

Inventory:

Hand Weapons
 d - a +0 short sword
 m - a +2 dagger of protection (weapon)
Missiles
 h - a throwing net
Armour
 p - a +1 helmet (worn)
 s - the +2 robe "Ziri" (worn) {Will+ Int+5}
   (You found it on level 2 of the Dungeon)

   Int+5:     It affects your intelligence (+5).
   Will+:     It increases your willpower.
 C - a +1 pair of gloves of dexterity (worn)
Jewellery
 a - the ring of Odusaj (right hand) {Fire Dex+3}
   (You acquired it on level 2 of the Dungeon)

   [ring of fire]

   Fire:      It enhances your fire magic.
   Dex+3:     It affects your dexterity (+3).
   rF+:       It protects you from fire.
   rC-:       It makes you vulnerable to cold.
 f - a ring of magical power (left hand)
 j - a ring of resist corrosion
 r - an amulet of regeneration
 w - a +4 ring of protection
 x - a +6 ring of dexterity
 y - a ring of see invisible
 z - the amulet of Relativism (around neck) {rF- Will++ Regen+ SInv}
   (You found it on level 5 of the Dungeon)

   [amulet of regeneration]

   rF-:       It makes you vulnerable to fire.
   Will++:    It greatly increases your willpower.
   SInv:      It lets you see invisible.
   Regen+:    It increases your rate of health regeneration.
Wands
 q - a wand of digging (6)
 t - a wand of paralysis (15)
 v - a wand of warping (10)
Scrolls
 e - a scroll of teleportation
 k - 2 scrolls of amnesia
 u - 3 scrolls of blinking
Potions
 b - a potion of magic
 c - 4 potions of curing
 g - 2 potions of heal wounds
 i - 5 potions of haste
 n - a potion of invisibility
 o - 2 potions of mutation
 A - a potion of berserk rage
 B - a potion of attraction {unknown}


   Skills:
 + Level 0.6 Fighting
 + Level 3.1 Dodging
 - Level 3.2 Stealth
 + Level 11.9 Spellcasting
 + Level 5.3 Conjurations
 + Level 9.7 Fire Magic


You had 23 spell levels left.
You knew the following spells:

 Your Spells              Type           Power      Damage    Failure   Level
a - Foxfire               Conj/Fire      100%       2x1d9     1%          1
b - Scorch                Fire           100%       2d9       1%          2
c - Flame Wave            Conj/Fire      76%        2d17      1%          4
d - Sandblast             Erth           34%        2d9       3%          1

Your spell library contained the following spells:

 Spells                   Type           Power      Damage    Failure   Level
 Inner Flame              Hex/Fire       63%        N/A       1%          3
 Volatile Blastmotes      Fire/Tloc      100%       2d18      1%          3
 Fulminant Prism          Conj/Alch      16%        3d10      10%         4
 Iskenderun's Mystic Bla Conj/Tloc 33%            2d8        (+2d4     10%         4


Dungeon Overview and Level Annotations

Branches:
Dungeon (7/15)             Temple (1/1) D:4

Altars:
Ashenzari
Cheibriados
Dithmenos
Elyvilon
Fedhas
Gozag
Hepliaklqana
Kikubaaqudgha
Makhleb
Nemelex Xobeh
Okawaru
Qazlal
Ru
Sif Muna
Trog
Uskayaw
Vehumet
Wu Jian
Xom
Yredelemnul
Zin
The Shining One

Shops:
D:2 =   D:3 =   D:4 [

Annotations:
D:6 1 runed translucent door, Alarak's ghost, novice GnRe
D:7 Joseph


Message History

A kobold comes into view. It is wielding a +0 club.
Casting: Foxfire (safe; 1% risk of failure)
Confirm with . or Enter, or press ? or * to list all spells.
You feel a surge of power!
You conjure some foxfire!
You feel very sick.
The foxfire hits the kobold brigand but does no damage.
The kobold brigand is moderately wounded.
The foxfire hits the kobold brigand.
The kobold brigand is heavily wounded.
The foxfire hits the kobold brigand.
The kobold brigand is severely wounded.
A kobold comes into view. It is wielding a +0 short sword.
You feel very sick.
The foxfire hits the kobold brigand!
The kobold brigand is almost dead.
The foxfire hits the kobold brigand.
You kill the kobold brigand!
Vehumet accepts your kill.
You feel your power returning.
You feel very sick.
Joseph shoots a sling bullet.
The sling bullet hits you.
Casting: Foxfire (safe; 1% risk of failure)
Confirm with . or Enter, or press ? or * to list all spells.
You feel a surge of power!
You conjure some foxfire!
You feel sick.
Joseph shoots a sling bullet.
The sling bullet hits you!
* * * LOW HITPOINT WARNING * * *
Casting: Foxfire (safe; 1% risk of failure)
Confirm with . or Enter, or press ? or * to list all spells.
You feel a surge of power!
Flames lash the kobold.
You kill the kobold!
Vehumet accepts your kill.
You feel sick.
You hear a shout!
The foxfire hits the kobold but does no damage.
The foxfire hits the kobold.
You kill the kobold!
Vehumet accepts your kill.
Joseph shoots a sling bullet.
The sling bullet barely misses you.
Joseph shoots a sling bullet.
The sling bullet hits you!
You die...

...........##
)...........##
.........#...#
.#$§....####>#####
.#..##..# #.....##
.....@>.# ###....#
........# ###...#.##
#.§###†)###........## ##
#†K.)@§..##.....#
.....)K###.#..#......#
...$... #...........#
###.... ............#
#..........#.#....####
.....?..###...##....#.##
#.##.#. #....).))...<#
.. .$#. .......).)...#
......#....##


You could see Joseph and 2 kobolds.

Vanquished Creatures
  Grinder (D:3)
  Sigmund (D:3)
  6 yaks
  An orc warrior (D:6)
  An ice beast (D:6)
  A phantom (D:5)
  2 kobold brigands (D:7)
  4 scorpions (D:5)
  6 killer bees (D:7)
  A howler monkey (D:6)
  A bombardier beetle (D:3)
  2 hounds (D:6)
  2 jellies (D:6)
  3 orc priests
  5 iguanas
  Natasha (thrice) (D:3)
  6 orc wizards
  Robin (D:2)
  9 adders
  4 gnolls
  A shadow imp (D:5)
  2 white imps (D:5)
  2 ufetubi (D:6)
  4 ribbon worms
  2 dart slugs (D:5)
  24 orcs
  7 ball pythons
  6 bats
  3 endoplasms (D:2)
  3 giant cockroaches (D:2)
  13 goblins
  9 hobgoblins
  A jackal (D:3)
  21 kobolds
  6 quokkas
  3 frilled lizards
  A rat (D:2)
168 creatures vanquished.

Vanquished Creatures (others)
  An angel (D:5)
  444 foxfires
445 creatures vanquished.

Grand Total: 613 creatures vanquished

Notes
Turn   | Place    | Note
-------+----------+-------------------------------------------
     0 | D:1      | funkygono the Deep Elf Fire Elementalist began the quest
                  | for the Orb.
     0 | D:1      | Reached XP level 1. HP: 10/10 MP: 6/6
   444 | D:1      | Reached XP level 2. HP: 15/15 MP: 6/8
   447 | D:1      | Learned a level 2 spell: Scorch
   965 | D:2      | Reached XP level 3. HP: 19/19 MP: 9/9
  1119 | D:2      | Identified the +2 robe "Ziri" {Will+ Int+5}
  1127 | D:2      | Found Atekeom's Jewellery Shop.
  1161 | D:2      | Found a faded altar of an unknown god.
  1300 | D:2      | Noticed Robin
  1310 | D:2      | Killed Robin
  1311 | D:2      | Reached skill level 4 in Spellcasting
  1313 | D:2      | Reached XP level 4. HP: 19/24 MP: 2/12
  2107 | D:2      | Identified a scroll of acquirement
  2107 | D:2      | Acquired the ring of Odusaj {Fire Dex+3}
  2140 | D:3      | Noticed Natasha
  2144 | D:3      | Killed Natasha
  2145 | D:3      | Reached skill level 5 in Fire Magic
  2160 | D:3      | Learned a level 4 spell: Flame Wave
  2165 | D:3      | Noticed Grinder
  2169 | D:3      | Killed Grinder
  2170 | D:3      | Reached skill level 5 in Spellcasting
  2170 | D:3      | Reached XP level 5. HP: 28/28 MP: 15/15
  2170 | D:3      | Reached XP level 6. HP: 32/32 MP: 16/16
  2282 | D:3      | Noticed Sigmund
  2291 | D:3      | Killed Sigmund
  2292 | D:3      | Reached skill level 6 in Spellcasting
  2418 | D:3      | Noticed Natasha
  2422 | D:3      | Killed Natasha
  2423 | D:3      | Reached XP level 7. HP: 37/37 MP: 19/19
  2573 | D:3      | Found Wubaurip's Jewellery Boutique.
  2796 | D:3      | Noticed Natasha
  2801 | D:3      | Killed Natasha
  2802 | D:3      | Reached skill level 7 in Spellcasting
  3924 | D:4      | Found a staircase to the Ecumenical Temple.
  3933 | Temple   | Entered the Ecumenical Temple
  4007 | D:4      | Identified the +0 falchion of Seleoj {chaos, rElec rC++
                  | Will+}
  4036 | D:4      | Found Orhacyn's Antique Armour Boutique.
  4164 | D:5      | Entered Level 5 of the Dungeon
  4165 | D:5      | Noticed a yak
  4165 | D:5      | Noticed a yak
  4166 | D:5      | Noticed a yak
  4166 | D:5      | Noticed a yak
  4174 | D:4      | Killed a yak
  4326 | D:5      | Found an opulent altar of Gozag.
  4326 | D:5      | Found a burning altar of Makhleb.
  4337 | D:5      | Reached skill level 8 in Spellcasting
  4477 | D:5      | Found a stormy altar of Qazlal.
  4477 | D:5      | Found a basalt altar of Yredelemnul.
  4485 | D:5      | Killed an angel
  4486 | D:5      | Found a radiant altar of Vehumet.
  4486 | D:5      | Found a shadowy altar of Dithmenos.
  4486 | D:5      | Found a sparkling altar of Nemelex Xobeh.
  4493 | D:5      | Reached XP level 8. HP: 42/42 MP: 22/22
  4494 | D:5      | Found a bloodstained altar of Trog.
  4507 | D:5      | Became a worshipper of Vehumet
  4603 | D:5      | Reached skill level 9 in Spellcasting
  4666 | D:5      | Found a shimmering altar of Xom.
  4666 | D:5      | Found a glowing silver altar of Zin.
  4818 | D:5      | Reached skill level 10 in Spellcasting
  4821 | D:5      | Reached XP level 9. HP: 19/46 MP: 11/25
  5299 | D:5      | Identified the amulet of Relativism {rF- Will++ Regen+
                  | SInv}
  5382 | D:6      | Reached skill level 11 in Spellcasting
  5664 | D:6      | Reached * piety under Vehumet
  5664 | D:6      | Offered knowledge of Sandblast by Vehumet.
  5720 | D:6      | Found a shimmering altar of Xom.
  5720 | D:6      | Noticed Alarak's ghost (novice GnRe)
  5721 | D:6      | Found a runed translucent door.
  5721 | D:6      | Noticed a +0 whip of chaos
  6039 | D:6      | Identified the +0 ring mail "Omeory" {Rampage ^Drain rF+
                  | rN+}
  6294 | D:6      | Learned a level 1 spell: Sandblast
  6363 | D:7      | Reached skill level 5 in Conjurations
  6472 | D:7      | Noticed Joseph
  6481 | D:7      | Shot with a sling bullet by Joseph

Illustrated notes

Levels and vault maps discovered:
D:1:      amcnicky_arrival_double_pillar, layout_loops_ring, minmay_pentomino_q4
D:2:      layout_loops_ring, serial_shops, shop,
          hellmonk_ecumenical_altar_inner_sanctum,
          nicolae_concentric_dashed_squares_mild, minmay_split_cup_small,
          uniq_robin
D:3:      layout_loops_ring, serial_shops, nicolae_shop_just_a_little_nook,
          serial_glass, glass_columns_a, glass_columns_a,
          hangedman_feature_mirror, uniq_natasha, uniq_grinder, uniq_sigmund
D:4:      layout_loops_ring, temple_hall, serial_shops, nicolae_lakefront_shop
D:5:      layout_loops_cross, grunt_temple_overflow_order_and_chaos_1,
          grunt_temple_overflow_open
D:6:      layout_basic, ebering_ghost_xom
D:7:      layout_cave_pools, palyth_stone_intersect, minmay_the_grid_2x2
          [minmay_the_grid_spin_star, minmay_the_grid_expand,
          minmay_the_grid_broken_lines, minmay_the_grid_prize_big_room],
          uniq_joseph
Temple:   hellmonk_temple_flake

Skill      XL: |  1  2  3  4  5  6  7  8  9 |
---------------+----------------------------+-----
Fire Magic     | 4 5 6 7 8 9 |  9.7
Spellcasting   | 4 5 6 8 10 11 | 11.9
Conjurations   | 2 3 4 5 |  5.3
Stealth        | 3 |  3.2
Dodging        | 3 |  3.1
Fighting       | |  0.6

Action                     |  1- 3 |  4- 6 |  7- 9 || total
---------------------------+-------+-------+-------++-------
   Cast: Foxfire           |    46 |    33 |   188 ||   267
         Scorch            |    14 |    13 |    60 ||    87
         Flame Wave        |       |       |     5 ||     5
    Use: Scroll            |       |     9 |     9 ||    18
 Armour: Robe              |     7 |     4 |    34 ||    45
  Dodge: Dodged            |     1 |     7 |    28 ||    36

Table legend: (Time is in decaauts)
 A = Elapsed time spent in this place.
 B = Non-inter-level travel time spent in this place.
 C = Inter-level travel time spent in this place.
 D = Time resting spent in this place.
 E = Time spent auto-exploring this place.
 F = Levels seen in this place.
 G = Mean time per level.
                   A        B        C        D        E       F      G
               +--------+--------+--------+--------+--------+-----+--------+
         Total |   6480 |   6212 |    268 |    156 |   5082 |   8 |  810.0 |
       Dungeon |   6476 |   6210 |    266 |    156 |   5082 |   7 |  925.1 |
        Temple |      3 |      1 |      2 |      0 |      0 |   1 |    3.0 |
               +--------+--------+--------+--------+--------+-----+--------+

Top non-repeatable levels by time:
     D:5: 1231 daAuts
     D:2: 1197 daAuts
     D:3: 1075 daAuts
     D:4: 1012 daAuts
     D:1: 939 daAuts
     D:6: 888 daAuts
     D:7: 130 daAuts
  Temple: 3 daAuts
